 Dungeon Crawl Stone Soup version 0.30-a0-778-g2ef04afb54 (webtiles) character file.

Game seed: 5248237079265008922

819 Zenkrye the Spear-Bearer (level 8, 0/58 HPs)
             Began as a Human Cinder Acolyte on Feb 15, 2023.
             Was a High Priest of Ignis.
             Splashed by a jelly's acid (2 damage)
             ... on level 5 of the Dungeon.
             The game lasted 00:15:09 (5021 turns).

Zenkrye the Spear-Bearer (Human Cinder Acolyte)     Turns: 5021, Time: 00:15:10

Health: 0/58       AC: -1    Str: 15 (17) XL:     8   Next: 16%
Magic:  9/9        EV: 11    Int: 12 (14) God:    Ignis [*****.]
Gold:   198        SH:  0    Dex:  2 (5)  Spells: 6/9 levels left

rFire   + + .      SeeInvis .    E - +2 spear "Zenkrye's Curse" {vamp, rN+ Dex-4 Stlth+}
rCold   + . .      Faith    .    (no shield)
rNeg    + . .      Spirit   .    D - +3 leather armour of Zyakeiv {Regen+}
rPois   +          Reflect  .    (no helmet)
rElec   .          Harm     .    f - scarf {rC+ rF+}
rCorr   .          Rampage  .    (no gloves)
Will    .....                    l - +0 pair of boots Stlth
                                 (no amulet)
HPRegen 1.09/turn                o - ring of poison resistance
MPRegen 0.11/turn                w - ring of wizardry

@: silenced, corroded, attractive, flying (expiring)
A: no striking features
a: Renounce Religion


You were on level 5 of the Dungeon.
You worshipped Ignis.
Ignis was extremely pleased with you.
You visited 1 branch of the dungeon, and saw 6 of its levels.

You collected 198 gold pieces.

Inventory:

Hand Weapons
 a - a -1 spear of flaming
 v - a +0 spear
 y - a +0 trident
 E - the +2 spear "Zenkrye's Curse" (weapon) {vamp, rN+ Dex-4 Stlth+}
   (You found it on level 5 of the Dungeon)

   Dex:       It affects your dexterity (-4).
   rN:        It protects you from negative energy.
   Stlth:     It makes you more stealthy.
Missiles
 e - a poisoned dart (quivered)
 m - 5 boomerangs
Armour
 b - a +0 robe
 f - a scarf of resistance (worn)
 i - a +0 ring mail
 l - a +0 pair of boots (worn)
 q - a +0 chain mail
 D - the +3 leather armour of Zyakeiv (worn) {Regen+}
   (You found it on level 5 of the Dungeon)

   Regen:     It increases your rate of health regeneration.
 F - a +0 scale mail
Magical Staves
 n - a staff of conjuration
 B - a staff of earth
Jewellery
 d - a ring of see invisible
 k - a ring of willpower
 o - a ring of poison resistance (left hand)
 w - a ring of wizardry (right hand)
Wands
 u - a wand of roots (1)
Scrolls
 j - 2 scrolls of teleportation {@r3}
 t - a scroll of butterflies
 x - a scroll of fog {unknown}
 z - 4 scrolls of identify {unknown}
 A - a scroll of blinking {unknown}
 C - 3 scrolls of poison {unknown}
Potions
 c - 2 potions of attraction
 h - 2 potions of curing {@q1}
 p - a potion of berserk rage


   Skills:
 - Level 3.0 Fighting
 * Level 8.2 Polearms
 - Level 1.0 Spellcasting
 - Level 5.0 Fire Magic


You had 6 spell levels left.
You knew the following spells:

 Your Spells              Type           Power      Damage    Failure   Level
a - Scorch                Fire           24%        2d6       2%          2
b - Magic Dart            Conj           0%         1d3       16%         1

Your spell library contained the following spells:

 Spells                   Type           Power      Damage    Failure   Level
 Apportation              Tloc           0%         N/A       16%         1
 Cigotuvi's Dreadful Rot  Necr/Pois/Air  0%         N/A       22%         2
 Ensorcelled Hibernation  Hex/Ice        0%         N/A       22%         2
 Searing Ray              Conj           0%         2d4       22%         2
 Dazzling Flash           Conj/Hex       0%         N/A       38%         3
 Spider Form              Tmut/Pois      0%         N/A       38%         3
 Anguish                  Hex/Necr       0%         N/A       78%         4
 Dispel Undead            Necr           0%         3d6       78%         4
 Fulminant Prism          Conj/Hex       0%         3d5       78%         4
 Agony                    Necr           0%         N/A       98%         5
 Alistair's Intoxication  Tmut/Pois      0%         N/A       98%         5
 Silence                  Hex/Air        0%         N/A       98%         5
 Death Channel            Necr           0%         N/A       100%        6


Dungeon Overview and Level Annotations

Branches:
Dungeon (6/15)
 Temple: D:4-7

Altars:
Makhleb
Trog

Shops:
D:5 :

Annotations:
D:3 1 runed translucent door, Crazy Yiuf
D:4 Eustachio
D:6 Maggie


Message History

The jelly is attracted toward you.
Found a stone staircase leading up.
The jelly attacks as you move away! The jelly barely misses you.
The jelly attacks as you move away! The jelly hits you but does no damage.
The jelly attacks as you move away! The jelly barely misses you.
Found a ring mail.
There is a stone staircase leading up here.
Your butterfly disappears in a burst of colours!
The jelly hits you but does no damage.
You fly upwards.
There is a stone staircase leading down here.
You hit the jelly. The acid corrodes you!
Your hands burn!
The jelly is lightly wounded.
The jelly hits you but does no damage.
You hit the jelly. The acid corrodes you!
Your hands burn!
The jelly is lightly wounded.
The jelly hits you.
You are splashed with acid!
You hit the jelly but do no damage.
Your hands burn!
The jelly is lightly wounded.
You hit the jelly but do no damage.
Your hands burn!
The jelly is lightly wounded.
The jelly hits you.
You are splashed with acid!
* * * LOW HITPOINT WARNING * * *
You hit the jelly.
You feel better. The acid corrodes you!
Your hands burn!
* * * LOW HITPOINT WARNING * * *
The jelly is moderately wounded.
You are starting to lose your buoyancy.
The jelly hits you.
* * * LOW HITPOINT WARNING * * *
You are splashed with acid.
* * * LOW HITPOINT WARNING * * *
You feel better. The jelly hits you.
* * * LOW HITPOINT WARNING * * *
You are splashed with acid.
* * * LOW HITPOINT WARNING * * *
You hit the jelly but do no damage. The acid corrodes you!
Your hands burn!
* * * LOW HITPOINT WARNING * * *
The jelly is moderately wounded.
You hit the jelly but do no damage.
Your hands burn!
You die...

#?# ##.#####
####### #......#
#.....# #..###.#
#.###.#
#..###.#####.###.#
#..##...).)).....#
#..##..#####.##..#
######## ##....J.#
#.##..# #......#
#....@.## #.##..#
#.####.# ##...#.#
#....(#
#.####.#####....#
####.##
#.##.........####
#.# #.......####.#
#.# #^##.#..#
##+## #.#
#.......###...##
#.#
#.##.##.##.....##
####.#
#..#<##.#.......##
##.##.#


You could see a jelly.

Vanquished Creatures
  2 ice beasts (D:5)
  An ogre (D:6)
  A phantom (D:6)
  A necrophage (D:6)
  2 scorpions
  A howler monkey (D:6)
  An orc priest (D:5)
  Ijyb (D:3)
  An orc wizard (D:5)
  A gnoll (D:1)
  7 adders
  An ufetubus (D:6)
  2 worms
  6 dart slugs
  11 orcs
  2 ball pythons (D:4)
  3 endoplasms
  3 giant cockroaches
  9 goblins
  5 hobgoblins
  4 jackals (D:2)
  8 kobolds
  3 quokkas
  5 bats
  4 frilled lizards
  9 rats
94 creatures vanquished.

Notes
Turn   | Place    | Note
-------+----------+-------------------------------------------
     0 | D:1      | Zenkrye the Human Cinder Acolyte began the quest for the
                  | Orb.
     0 | D:1      | Reached XP level 1. HP: 18/18 MP: 2/2
   125 | D:1      | Reached XP level 2. HP: 12/24 MP: 3/3
   187 | D:1      | Learned a level 2 spell: Scorch
   269 | D:1      | Reached XP level 3. HP: 29/29 MP: 4/4
  1072 | D:2      | Reached XP level 4. HP: 22/35 MP: 5/5
  1238 | D:2      | Reached skill level 4 in Polearms
  1499 | D:2      | Reached XP level 5. HP: 41/41 MP: 1/6
  1938 | D:2      | Learned a level 1 spell: Magic Dart
  2388 | D:3      | Noticed Ijyb
  2395 | D:3      | Killed Ijyb
  2486 | D:3      | Found a runed translucent door.
  2487 | D:3      | Noticed Crazy Yiuf
  2702 | D:3      | Found a burning altar of Makhleb.
  2705 | D:3      | Noticed an Executioner
  2951 | D:4      | Noticed an ogre
  3224 | D:4      | Reached skill level 5 in Polearms
  3224 | D:4      | Reached XP level 6. HP: 38/47 MP: 0/7
  3596 | D:4      | Found a bloodstained altar of Trog.
  3813 | D:5      | Entered Level 5 of the Dungeon
  3813 | D:5      | Noticed Eustachio
  3944 | D:5      | Found Osoitsusch's Book Shoppe.
  4016 | D:5      | Identified the +3 leather armour of Zyakeiv {Regen+}
  4040 | D:5      | Noticed an ice beast
  4054 | D:5      | Killed an ice beast
  4055 | D:5      | Reached skill level 6 in Polearms
  4055 | D:5      | Reached skill level 5 in Fire Magic
  4055 | D:5      | Reached XP level 7. HP: 46/52 MP: 0/8
  4233 | D:5      | Identified the +2 spear "Zenkrye's Curse" {vamp, rN+ Dex-4
                  | Stlth+}
  4489 | D:5      | Reached skill level 7 in Polearms
  4920 | D:6      | Reached XP level 8. HP: 42/58 MP: 4/9
  4944 | D:6      | Reached skill level 8 in Polearms
  4964 | D:6      | Noticed Maggie
  4989 | D:6      | HP: 2/58 [Maggie/+3 halberd of protection (10)]
  4995 | D:6      | Noticed a two-headed ogre
  5018 | D:5      | HP: 1/58 [acid (5)]
  5021 | D:5      | Splashed by a jelly's acid

Illustrated notes

Levels and vault maps discovered:
D:1:      ncdulo_smallfort, layout_loops_ring
D:2:      layout_basic, minmay_surrounded
D:3:      layout_basic, makhleb_altar_promises_db, uniq_ijyb,
          uniq_crazy_yiuf_cottage
D:4:      layout_basic, mainiacjoe_overflow_paths
D:5:      layout_loops_corners, minmay_temple_entry_fiery, kennysheep_doodads,
          nicolae_stop_n_shop_2, uniq_pikel, uniq_prince_ribbit1, uniq_eustachio
D:6:      layout_rooms, nicolae_ru_the_path_less_chosen,
          amethyst_overflow_temple_binary, uniq_maggie

Skill      XL: |  1  2  3  4  5  6  7  8 |
---------------+-------------------------+-----
Polearms       | 4 5 6 7 8 |  8.2
Fire Magic     | 4 5 |  5.0
Fighting       | |  3.0
Spellcasting   | |  1.0

Action                     |  1- 3 |  4- 6 |  7- 9 || total
---------------------------+-------+-------+-------++-------
  Melee: Spear             |   125 |   124 |    94 ||   343
  Throw: Dart              |     3 |     5 |    27 ||    35
   Cast: Scorch            |     4 |    26 |    17 ||    47
         Magic Dart        |       |     6 |       ||     6
  Evoke: Wand              |       |       |     3 ||     3
    Use: Scroll            |     2 |     2 |     3 ||     7
         Potion            |       |       |     8 ||     8
   Stab: Sleeping          |     1 |       |       ||     1
 Armour: Robe              |    21 |       |       ||    21
         Ring mail         |       |    32 |       ||    32
         Leather armour    |       |       |    18 ||    18
  Dodge: Dodged            |    55 |    37 |    30 ||   122

Table legend: (Time is in decaauts)
 A = Elapsed time spent in this place.
 B = Non-inter-level travel time spent in this place.
 C = Inter-level travel time spent in this place.
 D = Time resting spent in this place.
 E = Time spent auto-exploring this place.
 F = Levels seen in this place.
 G = Mean time per level.
                   A        B        C        D        E       F      G
               +--------+--------+--------+--------+--------+-----+--------+
         Total |   4971 |   4619 |    352 |    150 |   3560 |   6 |  828.5 |
       Dungeon |   4971 |   4619 |    352 |    150 |   3560 |   6 |  828.5 |
               +--------+--------+--------+--------+--------+-----+--------+

Top non-repeatable levels by time:
     D:3: 1113 daAuts
     D:2: 1048 daAuts
     D:5: 964 daAuts
     D:1: 875 daAuts
     D:4: 787 daAuts
     D:6: 182 daAuts
